 Dungeon Crawl Stone Soup version 0.30-a0-341-g682706514a (webtiles) character file.

Game seed: 11923491028580944206

1359 LnG the Sneak (level 8, -5/45 HPs)
             Began as a Kobold Summoner on Nov 1, 2022.
             Was an Initiate of Dithmenos.
             Slain by a gnoll
             ... wielding a +0 club
             ... led by a gnoll bouda
              (9 damage)
             ... on level 5 of the Dungeon.
             The game lasted 00:22:20 (6580 turns).

LnG the Sneak (Kobold Summoner)                     Turns: 6580, Time: 00:22:21

Health: -5/45      AC:  3    Str: 11    XL:     8   Next: 96%
Magic:  9/14       EV: 18    Int: 18    God:    Dithmenos [......]
Gold:   324        SH:  0    Dex: 20    Spells: 6/15 levels left

rFire   . . .      SeeInvis .    i - +0 dagger
rCold   . . .      Faith    .    (no shield)
rNeg    . . .      Spirit   .    a - +0 robe
rPois   .          Reflect  .    (no helmet)
rElec   .          Harm     .    d - +0 cloak
rCorr   .          Rampage  .    (no gloves)
Will    .....                    (no boots)
Stlth   +++++.....               (no amulet)
HPRegen 0.27/turn                q - +6 ring of strength
MPRegen 0.14/turn                u - ring of Syndicalism {Fly Dex+4}

@: weakened, flying
A: small, no large weapons, nightstalker 3
a: Renounce Religion


You were on level 5 of the Dungeon.
You worshipped Dithmenos.
Dithmenos was noncommittal.
You visited 2 branches of the dungeon, and saw 6 of its levels.

You collected 324 gold pieces.

Inventory:

Hand Weapons
 f - a +0 short sword
 i - a +0 dagger (weapon)
Missiles
 j - a throwing net
Armour
 a - a +0 robe (worn)
 d - a +0 cloak (worn)
Jewellery
 q - a +6 ring of strength (left hand)
 u - the ring of Syndicalism (right hand) {Fly Dex+4}
   (You found it on level 5 of the Dungeon)

   [ring of flight]

   Dex:       It affects your dexterity (+4).
   Fly:       It grants you flight.
 x - a +4 ring of protection
Scrolls
 e - 3 scrolls of poison {unknown}
 g - a scroll of blinking
 k - a scroll of noise
 m - a scroll of silence
 r - a scroll of butterflies
 t - a scroll of immolation
 v - a scroll of magic mapping {unknown}
 y - a scroll of amnesia {unknown}
Potions
 b - a potion of magic
 c - a potion of attraction
 h - a potion of mutation {unknown}
 l - 2 potions of ambrosia {unknown}
 n - a potion of brilliance {unknown}
 o - a potion of haste {unknown}
 p - a potion of flight {unknown}
 s - 3 potions of degeneration {unknown}
 w - 2 potions of might {unknown}
 z - a potion of cancellation {unknown}


   Skills:
 + Level 2.6 Fighting
 + Level 4.2 Short Blades
 * Level 6.2 Dodging
 * Level 7.9 Stealth
 + Level 4.4 Spellcasting
 + Level 5.9 Summonings


You had 6 spell levels left.
You knew the following spells:

 Your Spells              Type           Power      Damage    Failure   Level
a - Summon Small Mammal   Summ           100%       N/A       1%          1
b - Call Imp              Summ           25%        N/A       1%          2
c - Call Canine Familiar  Summ           25%        N/A       3%          3
d - Summon Guardian Gole  Hex/Summ       14%        N/A       12%         3

Your spell library contained the following spells:

 Spells                   Type           Power      Damage    Failure   Level
 Gell's Gravitas          Tloc           3%         N/A       38%         3
 Stone Arrow              Conj/Erth      6%         3d7       38%         3
 Teleport Other           Tloc           3%         N/A       38%         3
 Animate Armour           Summ/Erth      28%        N/A       38%         4
 Summon Lightning Spire   Summ/Air       14%        N/A       38%         4
 Dispersal                Tloc           1%         N/A       100%        6
 Lehudib's Crystal Spear  Conj/Erth      1%         10d2      100%        8


Dungeon Overview and Level Annotations

Branches:
Dungeon (5/15)             Temple (1/1) D:4

Altars:
Ashenzari
Cheibriados
Dithmenos
Fedhas
Gozag
Hepliaklqana
Kikubaaqudgha
Nemelex Xobeh
Okawaru
Qazlal
Ru
Sif Muna
Trog
Uskayaw
Vehumet
Wu Jian
Xom
Yredelemnul
The Shining One

Annotations:
D:5 2 transporters, NickelLess's ghost, novice TrBe


Innate Abilities, Weirdness & Mutations

You are small and have problems with some larger weapons.
You are completely attuned to the shadows.


Message History

Your crimson imp hits the gnoll bouda but does no damage.
The gnoll hits you with a +0 club.
* * * LOW HITPOINT WARNING * * *
You hit the gnoll bouda but do no damage.
The gnoll bouda is severely wounded.
Your hound bites the gnoll bouda.
The gnoll closely misses your hound. The gnoll bouda barely misses you.
Unknown command.
You hit the gnoll bouda but do no damage.
The gnoll bouda is severely wounded.
Your hound bites the gnoll bouda.
Your crimson imp barely misses the gnoll bouda.
The gnoll misses you.
The gnoll hits your hound with a +4 spear!
Your hound dies!
Your hound's corpse disappears in a puff of smoke!
Flame seeps out of your guardian golem.
You hit the gnoll bouda but do no damage.
The gnoll bouda is almost dead.
The gnoll bouda misses you.
Your crimson imp barely misses the gnoll bouda.
Your guardian golem is engulfed in blazing flames.
Flame seeps out of your guardian golem. The gnoll misses you.
Unknown command.
You hit the gnoll bouda but do no damage.
The gnoll bouda is almost dead.
The gnoll bouda closely misses you.
Your crimson imp blinks!
Your guardian golem is engulfed in blazing flames.
Flame seeps out of your guardian golem. The gnoll barely misses you.
The gnoll misses you.
You hit the gnoll bouda.
The gnoll bouda is almost dead.
The gnoll bouda closely misses you.
Your crimson imp hits the gnoll.
Your guardian golem is engulfed in blazing flames.
Flame seeps out of your guardian golem.
The gnoll hits you from afar with a +4 spear.
* * * LOW HITPOINT WARNING * * *
The gnoll hits you with a +0 club!
You die...

..#...........#########.#
..#...........#.## #.#
.................### ##⌠##
..#..............#.###.~.##
..#.............##.##._...##
.##........^...)...#~...^~##
###.........##.g9§.#.#.^.#.###
............####gg.⌠~.^_♣.~⌠.#
............###.@.5#^^~~..♣#.#
...................#.§≈≈...#.#
.###...............##~≈_.~##.#
..§##...####........##§~^###.###
.))##.### ##.........##⌠##.....#
_)....# ##....................#
..$##.# #...#.##..............#
..§##.####...#####..##........##
.####..##..###.#...#####......#


You could see a gnoll bouda (ally target), 2 gnolls, a friendly guardian golem
(summoned, inner flame) and a friendly crimson imp (summoned, sheltered).

Vanquished Creatures
  Menkaure (D:4)
  An ice beast (D:5)
  2 ogres
  A centaur (D:5)
  A phantom (D:5)
  A bullfrog (D:5)
  A necrophage (D:5)
  A jelly (D:5)
  An orc priest (D:5)
  An iguana (D:4)
  4 gnolls
  2 adders
  An ufetubus (D:5)
  8 orcs
  3 endoplasms (D:4)
  2 giant cockroaches
  4 goblins
  5 hobgoblins
  4 jackals (D:3)
  2 kobolds (D:3)
  A quokka (D:3)
  8 ball pythons
  6 bats
  2 frilled lizards
  2 rats
65 creatures vanquished.

Vanquished Creatures (collateral kills)
  A water moccasin (D:4)
  A necrophage (D:5)
  4 orc priests
  2 orc wizards
  3 adders
  9 gnolls
  A worm (D:4)
  8 orcs
  4 bats (D:1)
  An endoplasm (D:1)
  2 giant cockroaches (D:4)
  3 goblins
  2 hobgoblins
  A kobold (D:1)
  2 quokkas
  2 ball pythons
  A frilled lizard (D:3)
47 creatures vanquished.

Grand Total: 112 creatures vanquished

Notes
Turn   | Place    | Note
-------+----------+-------------------------------------------
     0 | D:1      | LnG the Kobold Summoner began the quest for the Orb.
     0 | D:1      | Reached XP level 1. HP: 10/10 MP: 3/3
   160 | D:1      | Reached XP level 2. HP: 14/15 MP: 3/5
   163 | D:1      | Learned a level 2 spell: Call Imp
   297 | D:1      | Reached skill level 3 in Stealth
   665 | D:2      | Reached XP level 3. HP: 4/19 MP: 1/6
   747 | D:2      | Learned a level 3 spell: Call Canine Familiar
   960 | D:2      | Reached skill level 1 in Short Blades
  1229 | D:2      | Reached XP level 4. HP: 24/24 MP: 7/7
  1349 | D:2      | HP: 1/24 [gnoll/+0 flail (9)]
  1353 | D:2      | Reached skill level 4 in Stealth
  1973 | D:3      | Reached XP level 5. HP: 16/28 MP: 2/8
  2086 | D:3      | Found a bloodstained altar of Trog.
  2518 | D:3      | Found a blossoming altar of Fedhas.
  2856 | D:4      | Found a snail-covered altar of Cheibriados.
  2920 | D:4      | Found a sparkling altar of Nemelex Xobeh.
  3012 | D:4      | HP: 1/28 [gnoll/+0 halberd (10)]
  3035 | D:4      | Reached skill level 5 in Stealth
  3125 | D:4      | Reached XP level 6. HP: 22/33 MP: 4/10
  3129 | D:4      | Learned a level 3 spell: Summon Guardian Golem
  3457 | D:4      | Noticed a water moccasin
  3465 | D:4      | Killed a water moccasin
  3466 | D:4      | Reached skill level 1 in Fighting
  3640 | D:4      | Noticed Menkaure
  3650 | D:4      | Killed Menkaure
  3651 | D:4      | Reached skill level 6 in Stealth
  3651 | D:4      | Reached skill level 5 in Summonings
  3651 | D:4      | Reached XP level 7. HP: 18/38 MP: 8/11
  3855 | D:4      | Reached skill level 5 in Dodging
  3935 | D:4      | Found an opulent altar of Gozag.
  4115 | D:4      | Found a staircase to the Ecumenical Temple.
  4134 | Temple   | Entered the Ecumenical Temple
  4468 | D:4      | Found a shadowy altar of Dithmenos.
  4590 | D:4      | Became a worshipper of Dithmenos the Shadowed
  4652 | D:5      | Entered Level 5 of the Dungeon
  4745 | D:5      | Found an ancient bone altar of Kikubaaqudgha.
  4827 | D:5      | Identified the ring of Syndicalism {Fly Dex+4}
  4865 | D:5      | Found a shimmering altar of Xom.
  4865 | D:5      | Found a shimmering altar of Xom.
  4865 | D:5      | Found a shimmering altar of Xom.
  5046 | D:5      | Reached XP level 8. HP: 41/44 MP: 10/13
  5101 | D:5      | HP: 2/41 [bullfrog (6)]
  5105 | D:5      | Reached skill level 7 in Stealth
  5479 | D:5      | Found a basalt altar of Yredelemnul.
  5646 | D:4      | HP: 2/45 [orc priest/divine providence (12)]
  5924 | D:5      | Found a sacrificial altar of Ru.
  6154 | D:5      | Found an iron altar of Okawaru.
  6194 | D:5      | Found a transporter.
  6196 | D:5      | Noticed NickelLess's ghost (novice TrBe)
  6213 | D:5      | Found a transporter.
  6580 | D:5      | Slain by a gnoll

Illustrated notes

Levels and vault maps discovered:
D:1:      shiori_arrival_whats_in_store_for_you, layout_basic
D:2:      layout_loops_cross, minmay_misc_feat_more_columns
D:3:      layout_basic, amcnicky_altar_gilded, lemuel_doored_altar,
          minmay_fractal_squares_diagonal_5
D:4:      layout_gridville, cheibriados_altar_2, nicolae_gozag_seed_capital,
          mainiacjoe_overflow_alcove_1, kennysheep_mini,
          minmay_temple_entry_mini_moons,
          nicolae_concentric_dashed_squares_mild, uniq_menkaure
D:5:      layout_cave_pools, nicolae_kikubaaqudgha_miasma_corner,
          mainiacjoe_overflow_six_doors_small, old_standard_altar,
          nicolae_ru_awakened_eye, xom_redecorated, gammafunk_ghost_stat_death
Temple:   hellmonk_temple_forest_ring

Skill      XL: |  1  2  3  4  5  6  7  8 |
---------------+-------------------------+-----
Stealth        | 3 4 5 6 7 |  7.9
Short Blades   | 1 2 3 4 |  4.2
Dodging        | 3 4 5 6 |  6.2
Fighting       | 1 2 |  2.6
Spellcasting   | 3 4 |  4.4
Summonings     | 5 |  5.9

Action                   |  1- 3 |  4- 6 |  7- 9 || total
-------------------------+-------+-------+-------++-------
Melee: Unarmed           |    29 |       |       ||    29
       Short sword       |    27 |       |       ||    27
       Dagger            |    29 |   116 |   190 ||   335
       Punch             |       |     2 |     7 ||     9
 Cast: Summon Small Mamm |    13 |       |       ||    13
       Call Imp          |     3 |     7 |    12 ||    22
       Call Canine Famil |       |     9 |    17 ||    26
       Summon Guardian G |       |       |     2 ||     2
  Use: Scroll            |     2 |     4 |     3 ||     9
       Potion            |       |     2 |     7 ||     9
 Stab: Sleeping          |    10 |     8 |     8 ||    26
       Distracted        |     1 |     1 |     5 ||     7
Armor: Robe              |    12 |    30 |    19 ||    61
Dodge: Dodged            |    84 |   114 |   211 ||   409

Table legend: (Time is in decaauts)
 A = Elapsed time spent in this place.
 B = Non-inter-level travel time spent in this place.
 C = Inter-level travel time spent in this place.
 D = Time resting spent in this place.
 E = Time spent auto-exploring this place.
 F = Levels seen in this place.
 G = Mean time per level.
                   A        B        C        D        E       F      G
               +--------+--------+--------+--------+--------+-----+--------+
         Total |   6541 |   6223 |    318 |   1311 |   3774 |   6 | 1090.2 |
       Dungeon |   6344 |   6039 |    305 |   1311 |   3606 |   5 | 1268.8 |
        Temple |    197 |    184 |     13 |      0 |    168 |   1 |  197.0 |
               +--------+--------+--------+--------+--------+-----+--------+

Top non-repeatable levels by time:
     D:4: 2000 daAuts
     D:5: 1561 daAuts
     D:3: 1197 daAuts
     D:2: 960 daAuts
     D:1: 624 daAuts
  Temple: 197 daAuts
